 Dungeon Crawl Stone Soup version 0.31-a0-204-g7da18cac08 (webtiles) character file.

Game seed: 17754401345520363922

49 sokol815 the Sneak (level 3, 0/24 HPs)
             Began as an Octopode Brigand on June 27, 2023.
             Slain by a sleepcap (2 damage)
             ... on level 3 of the Dungeon.
             The game lasted 00:03:06 (1781 turns).

sokol815 the Sneak (Octopode Brigand)               Turns: 1781, Time: 00:03:06

Health: 0/24       AC:  1    Str: 10    XL:     3   Next: 75%
Magic:  3/3        EV: 12    Int: 13    God:
Gold:   174        SH:  0    Dex: 15    Spells: 2/2 levels left

rFire   . . .        a - +2 whip (elec)
rCold   . . .        (no shield)
rNeg    . . .        (helmet restricted)
rPois   .            (no amulet)
rElec   .            (no ring)
rCorr   .            (no ring)
SInv    .            (no ring)
Will    .....        (no ring)
Stlth   +++++        (no ring)
HPRegen 0.24/turn    (no ring)
MPRegen 0.08/turn    (no ring)
                     (no ring)

%: no passive effects
@: no status effects
A: almost no armour, amphibious, 8 rings, camouflage 1, gelatinous body 1,
(nimble swimmer 1), tentacles
a: no special abilities


You were on level 3 of the Dungeon.
You visited 1 branch of the dungeon, and saw 3 of its levels.

You collected 174 gold pieces.

Inventory:

Hand Weapons
 a - a +2 whip of electrocution (weapon)
   (You found it on level 1 of the Dungeon)
 h - a +2 dagger
 l - a +5 dagger
   (You took it off a goblin on level 1 of the Dungeon)
 q - a +0 orcbow
   (You found it on level 2 of the Dungeon)
Missiles
 b - 15 poisoned darts
 c - 3 curare-tipped darts
 s - 28 stones
Scrolls
 d - a scroll of enchant weapon {unknown}
 e - 3 scrolls of brand weapon {unknown}
 f - a scroll of immolation {unknown}
 g - 2 scrolls of teleportation {unknown}
 i - a scroll of blinking {unknown}
 k - 4 scrolls of amnesia {unknown}
 o - a scroll of torment {unknown}
 r - a scroll of fear {unknown}
 t - a scroll of revelation {unknown}
 u - a scroll of vulnerability {unknown}
Potions
 j - 2 potions of degeneration {unknown}
 m - a potion of heal wounds {unknown}
 n - a potion of mutation {unknown}
 p - a potion of curing {unknown}
 v - a potion of invisibility {unknown}


   Skills:
 - Level 2.0 Fighting
 - Level 2.0 Short Blades
 - Level 2.0 Throwing
 - Level 1.0 Dodging
 + Level 7.3 Stealth


You had 2 spell levels left.
You didn't know any spells.
Your spell library was empty.

Dungeon Overview and Level Annotations

Branches:
Dungeon (3/15) Zot: 16212

Altars:


Innate Abilities, Weirdness & Mutations

You cannot wear most types of armour.
You are amphibious.
You can wear up to eight rings at the same time.
Your skin changes colour to match your surroundings (Stealth+).
Your rubbery body absorbs attacks. (AC +1, EV +1)
((You are camouflaged when in or above water. (Stealth+)))
You have tentacles for arms and can constrict up to eight enemies at once.


Message History

No target in view!
You see here a ball python corpse.
A frilled lizard comes into view.
The helpless frilled lizard fails to defend itself.
You hit the frilled lizard.
You kill the frilled lizard!
No target in view!
You see here a frilled lizard corpse.
An adder comes into view.
An adder comes into view.
A rat comes into view.
The rat bites you.
You take 2 damage, and have 22/24 hp.
You hit the rat. You grab the rat. You squeeze the rat.
You kill the rat!
You see here a scroll labelled WEJAIF DIHI.
You closely miss the adder. Your grab misses the adder. The adder bites you.
You are poisoned.
The adder poisons you!
You take 1 damage, and have 22/24 hp.
You hit the adder. You grab the adder. You squeeze the adder.
You constrict the adder.
You feel sick. The adder bites you.
You are more poisoned.
The adder poisons you! The adder misses you.
You take 3 damage, and have 19/24 hp.
You hit the adder.
You kill the adder!
You feel sick.
You take 1 damage, and have 18/24 hp.
Unknown command.
You feel sick.
You take 1 damage, and have 17/24 hp.
You start resting.
You feel sick. x5
You are no longer poisoned.
You take 4 damage, and have 13/24 hp.
You start resting.
Health restored: 24
k - 4 scrolls labelled WEJAIF DIHI (gained 1)
A goblin comes into view. It is wielding a +0 dagger.
The helpless goblin fails to defend itself.
You hit the goblin. Your grab misses the goblin. The goblin closely misses you.
You hit the goblin.
You kill the goblin!
No target in view!
Things that are here:
a +0 dagger; a goblin corpse A quokka comes into view.
The helpless quokka fails to defend itself.
You hit the quokka.
You kill the quokka!
No target in view!
Found a stone staircase leading down.
Found a stone staircase leading up.
No target in view!
A kobold comes into view. It is wielding a +0 short sword.
There is a stone staircase leading up here.
The kobold shouts!
The kobold misses you.
You closely miss the kobold. Your grab misses the kobold.
The kobold hits you with a +0 short sword.
You take 3 damage, and have 21/24 hp.
You barely miss the kobold. Your grab misses the kobold.
The kobold barely misses you.
You closely miss the kobold. Your grab misses the kobold.
The kobold barely misses you.
You hit the kobold. You grab the kobold.
You constrict the kobold, but do no damage.
The kobold hits you but does no damage.
You hit the kobold. You constrict the kobold.
You kill the kobold!
No target in view!
A frilled lizard comes into view.
Health restored: 24 A frilled lizard is nearby!
The helpless frilled lizard fails to defend itself.
You whack the frilled lizard!
Lightning courses through the frilled lizard!
You kill the frilled lizard!
No target in view!
You now have 164 gold pieces (gained 18).
You now have 174 gold pieces (gained 10).
Found a stone staircase leading down.
There is a stone staircase leading down here.
A kobold and a sleepcap come into view.
You see here 7 gold pieces.
The sleepcap releases spores at you!
You are engulfed in a cloud of soporific spores!
You fall asleep.
The sleepcap releases spores at you!
You wake up.
Ouch! That really hurt!
* * * LOW HITPOINT WARNING * * *
The kobold shouts!
You take 22 damage, and have 2/24 hp.
MASSIVE DAMAGE!!
You are too injured to fight recklessly!
You hit the sleepcap. You grab the sleepcap.
You tentacle-slap the sleepcap, but do no damage.
You constrict the sleepcap, but do no damage.
The sleepcap releases spores at you.
You die...

#.###<##.###..#
#.##.......# #.#
#.........#
#.##.......# #.
#.##.####.# #.# #.
...##.# #.# #
########.# #.# .#
#.####.## ###.##
#.##..... ..K.(
#.##.....#f.#
.#...#...@..# . .
.#........###..
#............(
#####.$...###.
############...##
#####....>........##
......#############
#######


You could see a sleepcap and a kobold.

Vanquished Creatures
  An adder (D:3)
  5 endoplasms
  2 giant cockroaches
  8 goblins
  A hobgoblin (D:2)
  2 quokkas
  6 ball pythons
  4 bats
  3 frilled lizards
  3 kobolds
  2 rats
37 creatures vanquished.

Notes
Turn   | Place    | Note
-------+----------+-------------------------------------------
     0 | D:1      | sokol815 the Octopode Brigand began the quest for the Orb.
     0 | D:1      | Reached XP level 1. HP: 14/14 MP: 1/1
   365 | D:1      | HP: 3/14 [constriction (1)]
   367 | D:1      | Reached XP level 2. HP: 5/19 MP: 2/2
   455 | D:1      | Reached skill level 6 in Stealth
   620 | D:1      | You fall into a shaft and drop 1 floor!
   940 | D:2      | Reached XP level 3. HP: 19/24 MP: 3/3
  1433 | D:3      | Reached skill level 7 in Stealth
  1780 | D:3      | HP: 2/24 [sleepcap (14)]
  1781 | D:3      | Slain by a sleepcap

Illustrated notes

Levels and vault maps discovered:
D:1:      minmay_arrival_split_and_join, layout_basic
D:2:      layout_rooms, minmay_tetromino_t2
D:3:      layout_loops_ring

Skill      XL: |  1  2  3 |
---------------+----------+-----
Stealth        | 6 7 |  7.3
Fighting       | |  2.0
Short Blades   | |  2.0
Throwing       | |  2.0
Dodging        | |  1.0

Action                     || total
---------------------------++-------
  Melee: Whip              ||    65
         Constrict         ||    13
         Tentacles         ||    10
         Dagger            ||     1
         Punch             ||     2
   Stab: Sleeping          ||    17
 Armour: Skin              ||     9
  Dodge: Dodged            ||    32

Table legend: (Time is in decaauts)
 A = Elapsed time spent in this place.
 B = Non-inter-level travel time spent in this place.
 C = Inter-level travel time spent in this place.
 D = Time resting spent in this place.
 E = Time spent auto-exploring this place.
 F = Levels seen in this place.
 G = Mean time per level.
                   A        B        C        D        E       F      G
               +--------+--------+--------+--------+--------+-----+--------+
         Total |   1786 |   1747 |     39 |     49 |   1416 |   3 |  595.3 |
       Dungeon |   1786 |   1747 |     39 |     49 |   1416 |   3 |  595.3 |
               +--------+--------+--------+--------+--------+-----+--------+

Top non-repeatable levels by time:
     D:1: 804 daAuts
     D:2: 598 daAuts
     D:3: 383 daAuts

Levels and vault maps discovered:
D:1:      minmay_arrival_split_and_join, layout_basic
D:2:      layout_rooms, minmay_tetromino_t2
D:3:      layout_loops_ring

Table legend: (Time is in decaauts)
 A = Elapsed time spent in this place.
 B = Non-inter-level travel time spent in this place.
 C = Inter-level travel time spent in this place.
 D = Time resting spent in this place.
 E = Time spent auto-exploring this place.
 F = Levels seen in this place.
 G = Mean time per level.
                   A        B        C        D        E       F      G
               +--------+--------+--------+--------+--------+-----+--------+
         Total |   1786 |   1747 |     39 |     49 |   1416 |   3 |  595.3 |
       Dungeon |   1786 |   1747 |     39 |     49 |   1416 |   3 |  595.3 |
               +--------+--------+--------+--------+--------+-----+--------+

Top non-repeatable levels by time:
     D:1: 804 daAuts
     D:2: 598 daAuts
     D:3: 383 daAuts

Table legend:
 A = Kills in this place as a percentage of kills in the entire game.
 B = Kills by you in this place as a percentage of kills by you in the entire game.
 C = Kills by friends in this place as a percentage of kills by friends in the entire game.
 D = Other kills in this place as a percentage of other kills in the entire game.
 E = Experience gained in this place as a percentage of experience gained in the entire game.
 F = Experience gained in this place divided by the number of levels of this place that you have seen.
                   A       B       C       D       E      F
               +-------+-------+-------+-------+-------+----------------------
         Total | 100.0 | 100.0 |   N/A |   N/A | 100.0 |  23.3
       Dungeon | 100.0 | 100.0 |   N/A |   N/A | 100.0 |  23.3
               +-------+-------+-------+-------+-------+----------------------
